 Dungeon Crawl Stone Soup version 0.29-a0-418-gc0181ea820 (webtiles) character file.

Game seed: 10710114286126560654

101885 jimonade the Sorcerer (level 15, -22/88 HPs)
             Began as a Deep Elf Conjurer on May 13, 2022.
             Was the Champion of Vehumet.
             Killed from afar by an eleionoma (27 damage)
             ... with a spray of wooden splinters
             ... on level 4 of the Swamp on May 18, 2022.
             The game lasted 02:39:05 (25369 turns).

jimonade the Sorcerer (Deep Elf Conjurer)          Turns: 25369, Time: 02:39:06

Health: -22/88     AC: 11    Str:  8    XL:     15   Next: 84%
Magic:  27/42      EV: 11    Int: 33    God:    Vehumet [******]
Gold:   1648       SH:  9    Dex: 13    Spells: 12/56 levels left

rFire   . . .      SeeInvis .   r - staff of poison
rCold   . . .      Faith    .   H - +0 kite shield
rNeg    . . .      Spirit   .   L - +2 robe {Archmagi}
rPois   +          Reflect  .   T - +0 helmet
rElec   .          Harm     .   (no cloak)
rCorr   .          Rampage  .   I - +1 pair of gloves
Will    +....      Archmagi +   (no boots)
Stlth   ++........              s - amulet of magic regeneration
HPRegen 0.24/turn               U - +4 ring of protection
MPRegen 0.68/turn               x - +6 ring of intelligence

@: no status effects
A: no striking features
a: Renounce Religion


You were on level 4 of the Swamp.
You worshipped Vehumet.
Vehumet was exalted by your worship.
You visited 5 branches of the dungeon, and saw 22 of its levels.
You also visited: Ice Cave.

You collected 2260 gold pieces.
You spent 612 gold pieces at shops.

Inventory:

Hand Weapons
 W - the +8 rapier "Hiurioci" {holy, rN+ MP+9 SInv}
   (You found it on level 6 of the Lair of Beasts)

   It has been blessed by the Shining One to cause great damage to the undead
   and demons.
   rN:        It protects you from negative energy.
   MP:        It affects your magic capacity (+9).
   SInv:      It lets you see invisible.
Missiles
 f - 5 throwing nets
Armour
 a - a +2 troll leather armour
 c - a +4 ring mail
 H - a +0 kite shield (worn)
 I - a +1 pair of gloves (worn)
 L - a +2 robe of the Archmagi (worn)
 O - a +2 robe of cold resistance
 P - a +0 robe of fire resistance
 T - a +0 helmet (worn)
Magical Staves
 g - a staff of conjuration
 r - a staff of poison (weapon)
 w - a staff of fire
 G - a staff of death
 Q - a staff of air
Jewellery
 h - an amulet of reflection
 s - an amulet of magic regeneration (around neck)
 x - a +6 ring of intelligence (right hand)
 D - a ring of resist corrosion
 J - a +6 ring of strength
 U - a +4 ring of protection (left hand)
 Z - a ring of see invisible
Wands
 m - a wand of iceblast (6)
 K - a wand of polymorph (4)
 M - a wand of digging (5)
 S - a wand of acid (12)
 X - a wand of charming (3)
Scrolls
 e - a scroll of silence {unknown}
 l - 4 scrolls of amnesia
 n - 4 scrolls of blinking
 p - a scroll of summoning
 q - 4 scrolls of identify
 u - 2 scrolls of enchant weapon
 v - 4 scrolls of brand weapon
 y - 2 scrolls of fear
 E - 8 scrolls of teleportation
 R - a scroll of fog
 V - a scroll of magic mapping
Potions
 b - 3 potions of magic
 d - a potion of cancellation
 j - 5 potions of haste
 k - 5 potions of flight
 o - a potion of mutation
 t - 13 potions of curing
 z - 5 potions of heal wounds
 A - 6 potions of might
 B - 3 potions of lignification
 C - a potion of berserk rage
 F - a potion of invisibility
 Y - 5 potions of brilliance
Miscellaneous
 i - a phial of floods
 N - a phantom mirror


   Skills:
 + Level 7.7 Fighting
 + Level 4.5 Armour
 + Level 3.0 Dodging
 - Level 2.4 Stealth
 - Level 4.6 Shields
 + Level 21.4 Spellcasting
 + Level 14.4 Conjurations
 + Level 12.0 Hexes
 + Level 8.0 Translocations
 * Level 9.3 Ice Magic
 + Level 7.5 Earth Magic


You had 12 spell levels left.
You knew the following spells:

 Your Spells              Type           Power      Damage    Failure   Level
a - Magic Dart            Conj           100%       1d8       0%          1
b - Searing Ray           Conj           100%       2d8       0%          2
c - Fulminant Prism       Conj/Hex       55%        3d25      1%          4
d - Iskenderun's Mystic   Conj/Tloc      100%       2d19      1%          4
e - Stone Arrow           Conj/Erth      100%       3d13      1%          3
f - Frozen Ramparts       Ice            100%       1d12      1%          3
g - Iskenderun's Battles  Conj           100%       2d15      1%          5
h - Freezing Cloud        Conj/Ice/Air   46%        6-21      1%          5
i - Iron Shot             Conj/Erth      52%        9d10      1%          6
j - Flame Wave            Conj/Fire      90%        2d15      1%          4
k - Ozocubu's Refrigerat  Ice            49%        4d14      12%         7

Your spell library contained the following spells:

 Spells                   Type           Power      Damage    Failure   Level
 Eringya's Noxious Bog    Tmut/Pois      34%        N/A       65%         6
 Ensorcelled Hibernation  Hex/Ice        100%       N/A       1%          2
 Dazzling Flash           Conj/Hex       100%       N/A       1%          3
 Ozocubu's Armour         Ice            98%        N/A       1%          3
 Summon Guardian Golem    Hex/Summ       84%        N/A       1%          3
 Tukima's Dance           Hex            100%       N/A       1%          3
 Hailstorm                Conj/Ice       100%       3d20      1%          4
 Pain                     Necr           100%       1d9       2%          1
 Anguish                  Hex/Necr       42%        N/A       2%          4
 Call Imp                 Summ           52%        N/A       3%          2
 Animate Armour           Summ/Erth      100%       N/A       5%          4
 Conjure Ball Lightning   Conj/Air       45%        3x3d16    5%          6
 Enfeeble                 Hex            53%        N/A       16%         7
 Lehudib's Crystal Spear  Conj/Erth      52%        10d12     41%         8
 Agony                    Necr           52%        N/A       56%         5
 Blade Hands              Tmut           26%        N/A       56%         5
 Excruciating Wounds      Necr           26%        N/A       56%         5
 Discord                  Hex            53%        N/A       77%         8


Dungeon Overview and Level Annotations

Branches:
Dungeon (9/15)             Temple (1/1) D:6            Lair (6/6) D:8
  Swamp (4/4) Lair:3       Spider (0/4) Lair:3        Slime (0/5) Lair:5
    Orc (2/2) D:9             Elf (0/3) Orc:2         IceCv (visited)

Altars:
Ashenzari
Cheibriados
Dithmenos
Elyvilon
Fedhas
Gozag
Hepliaklqana
Kikubaaqudgha
Makhleb
Nemelex Xobeh
Okawaru
Qazlal
Ru
Sif Muna
Trog
Uskayaw
Vehumet
Xom
Yredelemnul
Zin
The Shining One
Beogh
Jiyva

Shops:
D:2 ([?   D:3 *   D:4 (*   D:6 (   Orc:2 !(:?

Annotations:
D:5 2 transporters, qwertyui's ghost, amateur MiFi
Lair:5 1 runed translucent door


Message History

Press: ? - help, Dir - move target, p - eleionoma You feel a surge of power!
You conjure a prism of explosive energy!
A fulminant prism comes into view.
Your battlesphere fires!
The barrage of energy hits the eleionoma!
The eleionoma is heavily wounded.
The eleionoma flows through the trees.
Casting: Fulminant Prism (safe; 1% risk of failure)
Confirm with . or Enter, or press ? or * to list all spells.
Aiming: Stone Arrow (safe; 1% risk of failure)
Press: ? - help, Shift-Dir - straight line, f - eleionoma
Aim: an eleionoma (heavily wounded, ally target, 78% to hit)
You feel a surge of power!
The stone arrow hits the eleionoma!
The eleionoma is severely wounded.
Your battlesphere fires!
The barrage of energy hits the swamp dragon!
The swamp dragon is almost dead.
Your battlesphere expends the last of its energy and dissipates.
A bunyip comes into view.
The eleionoma hurls a spray of splinters at you.
The spray of wooden splinters hits you!!!
* * * LOW HITPOINT WARNING * * *
Your fulminant prism crackles loudly.
The eleionoma touches a tree and draws upon its vitality.
The eleionoma is healed.
Your fulminant prism explodes!
The blast of energy engulfs the eleionoma!!!
The eleionoma is almost dead.
You hear a roar! x2; You hear a deafening roar!
You hear a roar!
You enter the shallow water.
Moving in this stuff is going to be slow.
You enter the shallow water.
Moving in this stuff is going to be slow.
The eleionoma touches a tree and draws upon its vitality.
The eleionoma is healed.
The eleionoma flows through the trees.
The eleionoma hurls a spray of splinters at you.
The spray of wooden splinters hits you!!
You die...

≈≈≈≈≈..♣♣♣♣ ≈≈≈≈≈♣..♣
≈≈≈≈≈≈.≈♣♣
≈≈≈≈≈♣≈≈.♣♣♣♣♣♣♣♣♣♣
♣≈≈≈≈≈≈≈≈....≈♣≈≈≈♣♣
≈≈≈♣≈≈≈≈≈≈.≈≈≈.≈≈≈≈♣
.≈≈≈≈≈≈≈≈≈.≈≈≈....≈♣ ♣♣♣
♣.....≈≈≈≈≈≈≈.♣♣♣♣♣♣ ♣♣.♣♣ ♣♣
♣♣♣♣♣≈≈≈≈≈≈≈≈.♣.@≈♣
♣≈?.♣♣..♣♣
♣♣♣.≈≈≈≈≈≈.)♣R≈≈♣♣♣♣...○.≈≈.≈
...§≈≈≈≈≈≈♣♣..[x≈♣♣...≈....≈.
.≈≈≈≈≈≈≈.♣♣♣.≈≈≈.♣♣D..♣.≈≈.§≈
.≈≈≈≈≈....≈♣♣[≈≈≈≈D.x..≈..≈..
≈§...§.....♣♣.≈≈§...≈...≈≈≈≈≈
♣♣♣♣♣♣≈≈≈.≈≈(≈§§≈.≈.♣........
♣..§.§..≈≈≈.♣≈♣♣♣...?..≈
♣♣♣≈♣♣♣..≈.♣♣♣§♣ ♣≈§§.≈≈


You could see a bunyip and an eleionoma.

Vanquished Creatures
  The ghost of HendSelp the Warrior, a journeyman OgMo of Gozag (Orc:2)
  A thorn hunter (Swamp:2)
  4 fenstrider witches
  An orc warlord (Orc:2)
  Aizul (Swamp:2)
  6 ghouls
  2 very ugly things (IceCv)
  4 eleionomae
  2 bunyips (Swamp:2)
  A shambling mangrove (Swamp:4)
  Erolcha (Orc:1)
  A ghost crab (Swamp:2)
  10 hydras
  A centaur warrior (D:8)
  A two-headed ogre (Orc:1)
  5 alligators
  A merfolk avatar (Lair:6)
  2 death yaks (Lair:5)
  The ghost of Bediveer the Fighter, a novice FoFi of Okawaru (D:8)
  The ghost of jlumianski the Cleaver, a novice DsFi of Qazlal (D:9)
  7 orc high priests
  A fire crab (Lair:4)
  4 sea snakes (Lair:6)
  3 goliath frogs
  A swamp dragon (Swamp:4)
  2 orange crystal statues (IceCv)
  4 bog bodies
  A lindwurm (Lair:4)
  Pikel (D:8)
  7 orc knights
  A cyclops (D:8)
  2 manticores (Lair:6)
  An orc sorcerer (Orc:1)
  3 will-o-the-wisps
  14 elephants
  4 black mambas
  2 ice statues (Swamp:3)
  15 cane toads
  3 rime drakes (Lair:6)
  9 komodo dragons
  5 freezing wraiths (IceCv)
  2 golden dragon simulacra (IceCv)
  10 tyrant leeches
  6 trolls
  5 polar bears
  A bloated husk (Swamp:1)
  7 hornets
  A wind drake (Lair:6)
  A snapping turtle (Lair:6)
  7 dream sheep (Lair:6)
  12 blink frogs
  Sigmund (D:4)
  A vampire (D:9)
  3 spriggans
  5 wyverns
  45 yaks
  3 dire elephant simulacra (IceCv)
  4 steam dragons
  5 basilisks
  3 vampire mosquitoes (Swamp:2)
  A warg (Lair:1)
  2 harpy simulacra (IceCv)
  13 swamp worms
  11 water moccasins
  2 hydra simulacra (IceCv)
  2 ice beasts (D:5)
  49 orc warriors
  4 swamp drakes
  3 black bears
  2 sky beasts
  3 ettin simulacra (IceCv)
  2 alligator simulacra (IceCv)
  5 ogres (Orc:1)
  2 centaurs
  13 wolves
  2 lemures (D:8)
  10 bullfrogs
  4 gnoll sergeants
  10 necrophages
  A scorpion (D:5)
  10 wights
  6 killer bees
  A lindwurm simulacrum (IceCv)
  5 howler monkeys
  7 electric eels
  A centaur zombie (D:7)
  7 hounds
  A human zombie (D:7)
  A jelly (D:3)
  26 orc priests
  2 gnoll shamans
  17 orc wizards
  4 hell rats (Lair:6)
  A killer bee zombie (D:7)
  2 howler monkey zombies (D:7)
  10 adders
  27 gnolls
  2 shadow imps
  4 white imps
  2 ufetubi
  4 dart slugs
  88 orcs
  13 ball pythons
  10 endoplasms
  2 giant cockroaches (D:1)
  6 goblins
  9 hobgoblins
  2 jackals (D:2)
  2 quokkas
  6 bats
  5 frilled lizards
  9 kobolds
  A rat (D:2)
693 creatures vanquished.

Vanquished Creatures (others)
  An orc (D:8)
  6 bushes
  6 foxfires
  187 fulminant prisms
  55 fungi
  105 plants
360 creatures vanquished.

Grand Total: 1053 creatures vanquished

Notes
Turn   | Place    | Note
-------+----------+-------------------------------------------
     0 | D:1      | jimonade the Deep Elf Conjurer began the quest for the Orb.
     0 | D:1      | Reached XP level 1. HP: 10/10 MP: 6/6
   223 | D:1      | Reached XP level 2. HP: 15/15 MP: 0/8
   773 | D:1      | Reached skill level 5 in Conjurations
   936 | D:1      | Reached XP level 3. HP: 20/20 MP: 8/10
   947 | D:1      | Learned a level 2 spell: Searing Ray
  2043 | D:2      | Found Bickudeov's Magic Scroll Shop.
  2103 | D:2      | Found Userre's Antique Armour Shoppe.
  2214 | D:2      | Reached skill level 1 in Fighting
  2360 | D:2      | Found Wumoif's Antique Weapon Emporium.
  2539 | D:2      | Reached skill level 4 in Spellcasting
  2539 | D:2      | Reached XP level 4. HP: 25/25 MP: 9/12
  3019 | D:3      | Found a snail-covered altar of Cheibriados.
  3079 | D:3      | Reached XP level 5. HP: 29/29 MP: 9/14
  3486 | D:3      | Found an opulent altar of Gozag.
  3489 | D:3      | Found Gozag's Platinum Reserve.
  3544 | D:3      | Found a faded altar of an unknown god.
  3589 | D:3      | Reached skill level 5 in Spellcasting
  3682 | D:3      | Reached skill level 1 in Translocations
  3699 | D:3      | Reached skill level 1 in Hexes
  3817 | D:3      | Upgraded the game from 0.29-a0-409-gd843f3a48c to
                  | 0.29-a0-414-g5075937ec3
  3822 | D:3      | Learned a level 4 spell: Fulminant Prism
  3827 | D:3      | Learned a level 4 spell: Iskenderun's Mystic Blast
  3831 | D:3      | Learned a level 3 spell: Stone Arrow
  3847 | D:4      | Noticed a sky beast
  3853 | D:4      | Killed a sky beast
  3854 | D:4      | Reached XP level 6. HP: 34/34 MP: 9/16
  4130 | D:4      | Found Nyocumud's Weapon Shoppe.
  4152 | D:4      | Reached skill level 6 in Spellcasting
  4220 | D:4      | Found a hide-covered altar of Uskayaw.
  4223 | D:4      | Noticed Sigmund
  4234 | D:4      | Killed Sigmund
  4235 | D:4      | Reached skill level 7 in Spellcasting
  4235 | D:4      | Reached XP level 7. HP: 22/40 MP: 6/19
  4782 | D:4      | Found Hedghidy's Assorted Antiques.
  4787 | D:4      | Bought a short glowing staff for 252 gold pieces
  4988 | D:5      | Entered Level 5 of the Dungeon
  5170 | D:5      | Found a basalt altar of Yredelemnul.
  5530 | D:5      | Reached skill level 8 in Spellcasting
  5610 | D:5      | Reached XP level 8. HP: 45/45 MP: 15/22
  5999 | D:5      | Found a transporter.
  6001 | D:5      | Found a transporter.
  6004 | D:5      | Noticed qwertyui's ghost (amateur MiFi)
  6297 | D:6      | Found a glowing golden altar of the Shining One.
  6393 | D:6      | Reached skill level 1 in Earth Magic
  6501 | D:6      | Found a staircase to the Ecumenical Temple.
  6510 | Temple   | Entered the Ecumenical Temple
  6641 | Temple   | Became a worshipper of Vehumet
  6664 | D:6      | Found a blossoming altar of Fedhas.
  7082 | D:6      | Found a shimmering blue altar of Sif Muna.
  7240 | D:6      | Found Teughut's Hydra Hut.
  7243 | D:6      | Noticed a five-headed hydra
  7436 | D:7      | Reached skill level 9 in Spellcasting
  7505 | D:7      | Found a shadowy altar of Dithmenos.
  7505 | D:7      | Found a hazy altar of Hepliaklqana.
  7911 | D:7      | Found an ancient bone altar of Kikubaaqudgha.
  8033 | D:7      | Identified the +0 ring mail of Youthful Indiscretion
                  | {Slay+3}
  8063 | D:7      | Reached skill level 10 in Spellcasting
  8295 | D:7      | Reached XP level 9. HP: 51/51 MP: 8/25
  8358 | D:7      | Reached * piety under Vehumet
  8358 | D:7      | Offered knowledge of Freeze by Vehumet.
  8359 | D:7      | Found an ancient bone altar of Kikubaaqudgha.
  8728 | D:8      | Noticed a troll
  8734 | D:8      | Killed a troll
  8735 | D:8      | Reached skill level 11 in Spellcasting
  8735 | D:8      | Reached skill level 5 in Hexes
  8842 | D:8      | Noticed a komodo dragon
  8990 | D:7      | Killed a komodo dragon
  9177 | D:8      | Noticed a cyclops
  9180 | D:8      | Killed a cyclops
  9181 | D:8      | Reached skill level 12 in Spellcasting
  9181 | D:8      | Reached skill level 5 in Translocations
  9181 | D:8      | Reached XP level 10. HP: 56/56 MP: 17/28
  9331 | D:8      | Noticed Pikel
  9340 | D:8      | Killed Pikel
  9411 | D:8      | Reached ** piety under Vehumet
  9411 | D:8      | Offered knowledge of Poisonous Vapours by Vehumet.
  9454 | D:8      | Found a runed translucent gate.
  9454 | D:8      | Found a runed translucent gate.
  9454 | D:8      | Found an opulent altar of Gozag.
  9454 | D:8      | Found a runed translucent gate.
  9456 | D:8      | Noticed a centaur warrior
  9457 | D:8      | Noticed Bediveer's ghost (novice FoFi)
  9789 | D:8      | Found a staircase to the Lair.
 10025 | Lair:1   | Entered Level 1 of the Lair of Beasts
 10080 | Lair:1   | Reached skill level 1 in Armour
 10109 | Lair:1   | Reached skill level 13 in Spellcasting
 10241 | Lair:1   | Offered knowledge of Frozen Ramparts by Vehumet.
 10263 | Lair:1   | Learned a level 3 spell: Frozen Ramparts
 10414 | Lair:1   | Noticed a cane toad
 10421 | Lair:1   | Killed a cane toad
 10422 | Lair:1   | Reached XP level 11. HP: 62/62 MP: 17/30
 10851 | Lair:1   | Reached skill level 14 in Spellcasting
 10851 | Lair:1   | Reached skill level 1 in Ice Magic
 11008 | Lair:1   | Upgraded the game from 0.29-a0-414-g5075937ec3 to
                  | 0.29-a0-418-gc0181ea820
 11053 | Lair:2   | Reached skill level 5 in Fighting
 11744 | Lair:2   | Identified 2 scrolls of acquirement
 11744 | Lair:2   | Acquired Dunum's Volume of Harmful Malediction
 11754 | Lair:2   | Learned a level 5 spell: Iskenderun's Battlesphere
 11754 | Lair:2   | Acquired the Reference Book on the Cloudy Entourage
 11848 | Lair:3   | Reached *** piety under Vehumet
 11869 | Lair:3   | Reached skill level 10 in Conjurations
 11918 | Lair:3   | Found a hole to the Spider Nest.
 11976 | Lair:3   | Reached skill level 15 in Spellcasting
 12282 | Lair:3   | Learned a level 5 spell: Freezing Cloud
 12289 | Lair:3   | Learned a level 6 spell: Iron Shot
 12330 | Lair:3   | Offered knowledge of Mephitic Cloud by Vehumet.
 12360 | Lair:3   | Noticed a seven-headed hydra
 12366 | Lair:3   | Killed a seven-headed hydra
 12367 | Lair:3   | Reached skill level 5 in Earth Magic
 12683 | Lair:3   | Noticed an eight-headed hydra
 12683 | Lair:3   | Noticed a seven-headed hydra
 12701 | Lair:3   | Killed an eight-headed hydra
 12702 | Lair:3   | Reached XP level 12. HP: 69/69 MP: 20/33
 12768 | Lair:3   | Killed a seven-headed hydra
 12769 | Lair:3   | Reached skill level 16 in Spellcasting
 13026 | Lair:3   | Found a staircase to the Swamp.
 13108 | Lair:4   | Found the +12 pair of quick blades "Gyre" and "Gimble"
                  | {protect}
 13598 | Lair:4   | Reached **** piety under Vehumet
 14012 | Lair:5   | Offered knowledge of Irradiate by Vehumet.
 14105 | Lair:5   | Noticed a death yak
 14106 | Lair:5   | Noticed a death yak
 14112 | Lair:5   | Killed a death yak
 14116 | Lair:5   | Killed a death yak
 14117 | Lair:5   | Reached skill level 5 in Ice Magic
 14120 | Lair:5   | Reached skill level 17 in Spellcasting
 14179 | Lair:5   | Found a runed translucent door.
 14433 | Lair:5   | Found a viscous altar of Jiyva.
 14436 | Lair:5   | Found a staircase to the Slime Pits.
 14656 | Lair:6   | Entered Level 6 of the Lair of Beasts
 14675 | Lair:6   | Reached skill level 1 in Shields
 14681 | Lair:6   | Reached XP level 13. HP: 70/75 MP: 21/36
 14917 | Lair:6   | Reached ***** piety under Vehumet
 14939 | Lair:6   | Offered knowledge of Lee's Rapid Deconstruction by Vehumet.
 15093 | Lair:6   | Reached skill level 10 in Hexes
 15200 | Lair:6   | Reached skill level 18 in Spellcasting
 15440 | Lair:6   | Identified the +8 rapier "Hiurioci" {holy, rN+ MP+9 SInv}
 16155 | Swamp:1  | Entered Level 1 of the Swamp
 16232 | Swamp:1  | Noticed a fenstrider witch
 16237 | Swamp:1  | Killed a fenstrider witch
 16275 | Swamp:1  | Identified the +1 spear of Koracioj {drain, rPois}
 16525 | Swamp:1  | Reached XP level 14. HP: 80/80 MP: 33/38
 16559 | Swamp:1  | Noticed a ghoul
 16566 | Swamp:1  | Killed a ghoul
 16572 | Swamp:1  | Noticed a ghoul
 16580 | Swamp:1  | Noticed a ghoul
 16581 | Swamp:1  | Killed a ghoul
 16590 | Swamp:1  | Noticed a ghoul
 16594 | Swamp:1  | Killed a ghoul
 16600 | Swamp:1  | Killed a ghoul
 16601 | Swamp:1  | Reached skill level 19 in Spellcasting
 17071 | D:9      | Found a staircase to the Orcish Mines.
 17205 | D:9      | Found a glowing silver altar of Zin.
 17213 | D:9      | Noticed an angel
 17219 | D:9      | Found a shimmering altar of Xom.
 17311 | D:9      | Got the Volume of Freezing Enchantment
 17338 | D:9      | Found a runed translucent gate.
 17339 | D:9      | Found a runed translucent gate.
 17340 | D:9      | Found a runed translucent gate.
 17350 | D:9      | Noticed jlumianski's ghost (novice DsFi)
 17686 | D:9      | Killed jlumianski's ghost
 17690 | D:9      | Identified the +8 broad axe of the Shimmering Gods {elec,
                  | *Rage rC+ rN+ Dex+7}
 17910 | Orc:1    | Entered Level 1 of the Orcish Mines
 18053 | Orc:1    | Offered knowledge of Starburst by Vehumet.
 18142 | Orc:1    | Noticed Erolcha
 18145 | Orc:1    | Killed Erolcha
 18728 | Orc:2    | Entered Level 2 of the Orcish Mines
 18734 | Orc:2    | Learned a level 4 spell: Flame Wave
 18741 | Orc:2    | Noticed an orc warlord
 18751 | Orc:2    | Reached ****** piety under Vehumet
 18752 | Orc:2    | Killed an orc warlord
 19067 | Orc:2    | Found a runed translucent door.
 19067 | Orc:2    | Noticed HendSelp's ghost (journeyman OgMo)
 19484 | Orc:2    | Found a staircase to the Elven Halls.
 19781 | Orc:2    | Offered knowledge of Fireball by Vehumet.
 19996 | Orc:2    | Reached skill level 20 in Spellcasting
 20347 | Orc:2    | Found Kilol's Distillery.
 20348 | Orc:2    | Found Garghoss's Book Shop.
 20348 | Orc:2    | Found Yruopnal's Antique Weapon Boutique.
 20349 | Orc:2    | Found Kittoac's Magic Scroll Shop.
 20512 | Orc:2    | Bought Ozocubu's Autobiography for 360 gold pieces
 20523 | Orc:2    | Learned a level 7 spell: Ozocubu's Refrigeration
 20617 | Orc:2    | Killed HendSelp's ghost
 20762 | D:8      | Killed Bediveer's ghost
 21249 | Swamp:2  | Noticed Aizul
 21279 | Swamp:2  | Killed Aizul
 21280 | Swamp:2  | Reached XP level 15. HP: 56/87 MP: 27/41
 21590 | Swamp:2  | Found the +10 dark maul {vorpal}
 21931 | Swamp:2  | Noticed a fenstrider witch
 21931 | Swamp:2  | Paralysed by a fenstrider witch for 5 turns
 21937 | Swamp:2  | Noticed a thorn hunter
 21938 | Swamp:2  | Killed a fenstrider witch
 21947 | Swamp:2  | Killed a thorn hunter
 22454 | Swamp:2  | Noticed a fenstrider witch
 22459 | Swamp:2  | Killed a fenstrider witch
 22899 | Swamp:3  | Found a frozen archway.
 22934 | IceCv    | Entered an ice cave
 23406 | IceCv    | Offered knowledge of Eringya's Noxious Bog by Vehumet.
 23849 | Swamp:3  | Reached skill level 21 in Spellcasting
 24906 | Swamp:4  | Entered Level 4 of the Swamp
 25317 | Swamp:4  | Noticed a fenstrider witch
 25317 | Swamp:4  | Paralysed by a fenstrider witch for 3 turns
 25322 | Swamp:4  | Killed a fenstrider witch
 25363 | Swamp:4  | HP: 3/88 [eleionoma/spray of wooden splinters (38)]
 25369 | Swamp:4  | Killed from afar by an eleionoma

Illustrated notes

Levels and vault maps discovered:
D:1:      elethiomel_arrival_infinity_welcomes_careful_drivers, layout_basic,
          serial_aquarium, aquarium_bridge_square [aquarium_subvault_bridge,
          aquarium_subvault_bridge, aquarium_subvault_bridge,
          aquarium_subvault_window], aquarium_bridge_long_joined
          [aquarium_subvault_window, aquarium_subvault_bridge,
          aquarium_subvault_bridge, aquarium_subvault_wall,
          aquarium_subvault_balcony, aquarium_subvault_bridge],
          aquarium_window_corner, aquarium_window_1, aquarium_window_corridor_1,
          aquarium_view_2g, aquarium_view_2c, amcnicky_mini_corridor_feature,
          nicolae_concentric_dashed_squares_mild, minmay_stone_trees_medium,
          grunt_decor_clamped, serial_bayou_pond_a,
          chequers_serial_rivers_small_3
D:2:      layout_loops_corners, serial_shops, shop, shop, shop
D:3:      layout_basic, lemuel_crystal_altar, nicolae_gozag_zags_fifth_avenue,
          shapermc_ecumenical_altar_mp_ritualfount
D:4:      layout_loops_ring, lemuel_doored_altar, serial_shops,
          nicolae_shop_advertising_works [nicolae_subvault_shop_adworks], shop,
          uniq_sigmund
D:5:      layout_loops_corners, lemuel_tele_altar,
          gammafunk_ghost_abyssal_escape, kennysheep_doodads
D:6:      minmay_klotski, layout_loops_corners, tso_oasis_becter,
          mainiacjoe_overflow_alcove_4, lemuel_crystal_altar,
          minmay_temple_entry_gardened_gates, doesnt_shop_hydraphobe
D:7:      layout_loops_ring, riverfiend_overflow_shadow_ancestor,
          lemuel_mausoleum_altar_kikubaaqudgha, kennysheep_flooded_box
D:8:      layout_gridville, erik_lair_island, ebering_ghost_gozag,
          lightli_orcish_oven, uniq_pikel
D:9:      layout_basic, grunt_temple_overflow_order_and_chaos_1, david_orc_4,
          gammafunk_ghost_hydra_chop, evilmike_butchery
Temple:   nicolae_temple_figure_zero
Lair:1:   beast_lair_carwin_large_3, layout_misc_corridors,
          infiniplex_staircase_pool
Lair:2:   layout_chaotic_city, grunt_megastairs_3
Lair:3:   layout_long_grid, palyth_hydra_swamp_entry, dummy_spider_entry
Lair:4:   layout_long_grid
Lair:5:   layout_loops_ring, slime_altar_2, beast_lair_carwin_10,
          serial_bayou_shore_b, serial_bayou_shore_a
Lair:6:   gammafunk_lair_ancient_temple, layout_long_grid, grunt_megastairs_2
Swamp:1:  layout_basic_swamp, evilmike_swamp_ruin_house_1, swamp_pool3
Swamp:2:  layout_basic_swamp, hangedman_swamp_blocks, uniq_aizul
Swamp:3:  layout_basic_swamp, portal_ice_cave_entry_ice_statue_two,
          evilmike_swamp_ruin_house_4
Swamp:4:  swamp_basic_johnstein, layout_basic_swamp, swamp_pool1,
          grunt_witch_cave
Orc:1:    layout_caves, bh_open_orc_temple, uniq_erolcha
Orc:2:    st_orc_pillars, layout_caves, hellmonk_ghost_happy_afterlife,
          basic_altar

Skill      XL: |  1  2  3  4  5  6  7  8  9 10 11 12 13 14 15 |
---------------+----------------------------------------------+-----
Conjurations   | 5 6 7 8 9 10 11 12 13 14 | 14.4
Fighting       | 1 2 3 4 5 6 7 |  7.7
Spellcasting   | 4 5 7 8 10 12 13 15 17 18 20 21 | 21.4
Translocations | 1 2 3 5 6 7 8 |  8.0
Hexes          | 1 2 3 4 5 7 8 9 10 11 12 | 12.0
Earth Magic    | 2 3 4 5 6 7 |  7.5
Armour         | 1 2 3 4 |  4.5
Ice Magic      | 3 5 6 7 9 |  9.3
Shields        | 1 3 4 |  4.6
Dodging        | 3 |  3.0
Stealth        | |  2.4

Action                   |  1- 3 |  4- 6 |  7- 9 | 10-12 | 13-15 || total
-------------------------+-------+-------+-------+-------+-------++-------
Melee: Short sword       |     2 |       |     1 |       |       ||     3
       Staff             |       |       |       |       |     1 ||     1
 Cast: Magic Dart        |    96 |    49 |    70 |    81 |   500 ||   796
       Searing Ray       |       |    11 |     6 |     2 |       ||    19
       Fulminant Prism   |       |     3 |    21 |    76 |    87 ||   187
       Stone Arrow       |       |     2 |    79 |   103 |   157 ||   341
       Iskenderun's Myst |       |       |    12 |    34 |   119 ||   165
       Iskenderun's Batt |       |       |       |     8 |    96 ||   104
       Freezing Cloud    |       |       |       |     1 |     1 ||     2
  Use: Scroll            |       |       |     5 |    12 |    14 ||    31
       Potion            |       |       |       |       |     1 ||     1
Armor: Robe              |       |     1 |     5 |       |     8 ||    14
       Troll leather arm |       |       |       |     8 |    10 ||    18
Dodge: Dodged            |     6 |     7 |    22 |    13 |    28 ||    76
Block: Other             |       |       |     1 |       |       ||     1
       Kite shield       |       |       |       |     2 |    23 ||    25

Table legend: (Time is in decaauts)
 A = Elapsed time spent in this place.
 B = Non-inter-level travel time spent in this place.
 C = Inter-level travel time spent in this place.
 D = Time resting spent in this place.
 E = Time spent auto-exploring this place.
 F = Levels seen in this place.
 G = Mean time per level.
                   A        B        C        D        E       F      G
               +--------+--------+--------+--------+--------+-----+--------+
         Total |  25743 |  24273 |   1470 |   1342 |  16386 |  23 | 1119.3 |
       Dungeon |  11130 |  10433 |    697 |    250 |   7931 |   9 | 1236.7 |
        Temple |    140 |    116 |     24 |      0 |    113 |   1 |  140.0 |
          Lair |   6346 |   5906 |    440 |      3 |   3952 |   6 | 1057.7 |
         Swamp |   4524 |   4355 |    169 |    785 |   2321 |   4 | 1131.0 |
  Orcish Mines |   2874 |   2735 |    139 |      2 |   1956 |   2 | 1437.0 |
      Ice Cave |    727 |    727 |      0 |    302 |    113 |   1 |  727.0 |
               +--------+--------+--------+--------+--------+-----+--------+

Top non-repeatable levels by time:
     D:1: 1846 daAuts
   Orc:2: 1747 daAuts
 Swamp:2: 1627 daAuts
 Swamp:3: 1562 daAuts
     D:7: 1500 daAuts
  Lair:3: 1403 daAuts
  Lair:6: 1401 daAuts
     D:8: 1224 daAuts
     D:2: 1159 daAuts
     D:6: 1150 daAuts
     D:4: 1148 daAuts
   Orc:1: 1126 daAuts
 Swamp:1: 1097 daAuts
  Lair:1: 1096 daAuts
     D:5: 1068 daAuts
